TOP OF THE 1ST |
Akron RubberDucks batting - Pitching for Birmingham Barons : RHP Parker French
|
Pitching: RHP Parker French
|
|
Batting: LHB Robby Dann
|
0-0: Ball 1-0: Fly out, F4 (Popup, 4S, EV 70.0 MPH)
|
Batting: LHB Kazuyoshi Nakamura
|
0-0: Ball 1-0: Fly out, F8 (Flyball, 8LD, EV 103.8 MPH)
|
Batting: RHB Tristan Wright
|
0-0: Ball 1-0: Ball 2-0: Called Strike 2-1: Ball 3-1: Called Strike 3-2: Strikes out swinging
|
Top of the 1st over - 0 runs, 0 hits, 0 errors, 0 left on base; Akron 0 - Birmingham 0 |
BOTTOM OF THE 1ST |
Birmingham Barons batting - Pitching for Akron RubberDucks : RHP Chris Painter
|
Pitching: RHP Chris Painter
|
|
Batting: SHB Jay Gagnon
|
0-0: Foul Ball, location: 2F 0-1: Swinging Strike 0-2: Ball 1-2: Strikes out swinging
|
Batting: LHB Larry Myers
|
0-0: SINGLE (Groundball, 34D, EV 96.2 MPH)
|
Batting: SHB Ruben Velasco Jr.
|
0-0: Ball 1-0: Foul Ball, location: 2F 1-1: Ball 2-1: Foul Ball, location: 2F 2-2: Reached on error, E3 (Groundball, 3, EV 90.6 MPH) Larry Myers to second
|
Batting: LHB Justin Stickney
|
0-0: Called Strike 0-1: Called Strike 0-2: Foul Ball, location: 2F 0-2: Strikes out swinging
|
Batting: RHB Ethan McCullough
|
0-0: Called Strike 0-1: Called Strike 0-2: Strikes out swinging
|
Bottom of the 1st over - 0 runs, 1 hit, 1 error, 2 left on base; Akron 0 - Birmingham 0 |
TOP OF THE 2ND |
Akron RubberDucks batting - Pitching for Birmingham Barons : RHP Parker French
|
Batting: SHB Valentin Laporte
|
0-0: Called Strike 0-1: Swinging Strike 0-2: Ball 1-2: Fly out, F7 (Flyball, 78M, EV 93.1 MPH)
|
Batting: LHB Esteban Cordova
|
0-0: Ball 1-0: Called Strike 1-1: Ball 2-1: Ground out U3 (Groundball, 3, EV 107.5 MPH)
|
Batting: SHB Jarrod Lindblad
|
0-0: SINGLE (Line Drive, 8LS, EV 96.9 MPH)
|
Batting: RHB Chris Folse
|
0-0: Ball 1-0: Ball 2-0: Ball 3-0: Called Strike 3-1: Called Strike 3-2: Strikes out swinging
|
Top of the 2nd over - 0 runs, 1 hit, 0 errors, 1 left on base; Akron 0 - Birmingham 0 |
BOTTOM OF THE 2ND |
Birmingham Barons batting - Pitching for Akron RubberDucks : RHP Chris Painter
|
Batting: LHB Dalton Silveira
|
0-0: Ball 1-0: Ball 2-0: Ground out 4-3 (Groundball, 4, EV 97.5 MPH)
|
Batting: RHB Toichiro Fujimoto
|
0-0: Foul Ball, location: 2F 0-1: Ball 1-1: Called Strike 1-2: Foul Ball, location: 2F 1-2: Ball 2-2: Strikes out swinging
|
Batting: SHB Josh Conner
|
0-0: Ground out 5-3 (Groundball, 5, EV 104.4 MPH)
|
Bottom of the 2nd over - 0 runs, 0 hits, 0 errors, 0 left on base; Akron 0 - Birmingham 0 |
TOP OF THE 3RD |
Akron RubberDucks batting - Pitching for Birmingham Barons : RHP Parker French
|
Batting: SHB Javon Mitchell
|
0-0: Ball 1-0: Called Strike 1-1: Ball 2-1: Ground out U3 (Groundball, 3, EV 83.8 MPH)
|
Batting: RHB Charles Marcel
|
0-0: Ball 1-0: Ball 2-0: Ball 3-0: Called Strike 3-1: Foul Ball, location: 2F 3-2: Base on Balls
|
Batting: LHB Robby Dann
|
0-0: Grounds into double play, 4-6-3 (Groundball, 4, EV 82.5 MPH)
|
Top of the 3rd over - 0 runs, 0 hits, 0 errors, 0 left on base; Akron 0 - Birmingham 0 |
BOTTOM OF THE 3RD |
Birmingham Barons batting - Pitching for Akron RubberDucks : RHP Chris Painter
|
Batting: RHB John Iddings
|
0-0: Hit by Pitch
|
Batting: SHB Jay Gagnon
|
0-0: Foul Ball, location: 2F 0-1: Ball 1-1: Ball 2-1: Foul Ball, location: 2F 2-2: SINGLE (Flyball, 4D, EV 90.6 MPH) John Iddings to second
|
Batting: LHB Larry Myers
|
0-0: Called Strike 0-1: Ball 1-1: Ball 2-1: Foul Ball, location: 2F 2-2: Ball 3-2: Strikes out swinging
|
Batting: SHB Ruben Velasco Jr.
|
0-0: Swinging Strike 0-1: Ball 1-1: Ball 2-1: Foul Ball, location: 2F 2-2: Ball 3-2: Foul Ball, location: 2F 3-2: Foul Ball, location: 2F 3-2: Base on Balls John Iddings to third Jay Gagnon to second
|
Batting: LHB Justin Stickney
|
0-0: Ball 1-0: Foul Ball, location: 2F 1-1: Called Strike 1-2: Fielders Choice at 2nd, 3-6 (Groundball, 3, EV 83.1 MPH) John Iddings scores Jay Gagnon to third
|
Batting: RHB Ethan McCullough
|
0-0: Foul Ball, location: 2F 0-1: Called Strike 0-2: Ground out 5-3 (Groundball, 5S, EV 66.9 MPH)
|
Bottom of the 3rd over - 1 run, 1 hit, 0 errors, 2 left on base; Akron 0 - Birmingham 1 |
TOP OF THE 4TH |
Akron RubberDucks batting - Pitching for Birmingham Barons : RHP Parker French
|
Batting: LHB Kazuyoshi Nakamura
|
0-0: Ball 1-0: Ball 2-0: Foul Ball, location: 2F 2-1: Ball 3-1: Foul Ball, location: 2F 3-2: Fly out, F8 (Flyball, 78D, EV 100.0 MPH)
|
Batting: RHB Tristan Wright
|
0-0: Ball 1-0: Ball 2-0: Called Strike 2-1: Swinging Strike 2-2: Foul Ball, location: 2F 2-2: Fly out, F9 (Flyball, 9, EV 81.9 MPH)
|
Batting: SHB Valentin Laporte
|
0-0: Ball 1-0: Called Strike 1-1: Called Strike 1-2: Foul Ball, location: 2F 1-2: SINGLE (Groundball, 6M, EV 81.2 MPH) (infield hit)
|
Batting: LHB Esteban Cordova
|
0-0: Foul Ball, location: 2F 0-1: Ball 1-1: Swinging Strike 1-2: SINGLE (Groundball, 6MD, EV 101.9 MPH) Valentin Laporte to second
|
Batting: SHB Jarrod Lindblad
|
0-0: Ball 1-0: Swinging Strike 1-1: Fielders Choice at 2nd, U6 (Groundball, 6M, EV 87.5 MPH)
|
Top of the 4th over - 0 runs, 2 hits, 0 errors, 2 left on base; Akron 0 - Birmingham 1 |
BOTTOM OF THE 4TH |
Birmingham Barons batting - Pitching for Akron RubberDucks : RHP Chris Painter
|
Batting: LHB Dalton Silveira
|
0-0: Called Strike 0-1: Ball 1-1: Called Strike 1-2: Strikes out looking
|
Batting: RHB Toichiro Fujimoto
|
0-0: Ground out 4-3 (Groundball, 4, EV 86.9 MPH)
|
Batting: SHB Josh Conner
|
0-0: Foul Ball, location: 2F 0-1: Swinging Strike 0-2: Ball 1-2: Ground out U3 (Groundball, 34, EV 87.5 MPH)
|
Bottom of the 4th over - 0 runs, 0 hits, 0 errors, 0 left on base; Akron 0 - Birmingham 1 |
TOP OF THE 5TH |
Akron RubberDucks batting - Pitching for Birmingham Barons : RHP Parker French
|
Batting: RHB Chris Folse
|
0-0: Ball 1-0: Foul Ball, location: 2F 1-1: Ball 2-1: Ball 3-1: Foul Ball, location: 2F 3-2: Strikes out swinging
|
Batting: SHB Javon Mitchell
|
0-0: Ground out 3-1 (Groundball, 34S, EV 83.8 MPH)
|
Batting: RHB Charles Marcel
|
0-0: Ball 1-0: Ball 2-0: Foul Ball, location: 2F 2-1: Called Strike 2-2: Foul Ball, location: 2F 2-2: Strikes out swinging
|
Top of the 5th over - 0 runs, 0 hits, 0 errors, 0 left on base; Akron 0 - Birmingham 1 |
BOTTOM OF THE 5TH |
Birmingham Barons batting - Pitching for Akron RubberDucks : RHP Chris Painter
|
Batting: RHB John Iddings
|
0-0: Swinging Strike 0-1: Ball 1-1: SINGLE (Groundball, 34D, EV 96.2 MPH)
|
Batting: SHB Jay Gagnon
|
0-0: Ball 1-0: Foul Ball, location: 2F 1-1: Fielders Choice at 2nd, 6-4 (Groundball, 6M, EV 108.1 MPH)
|
Batting: LHB Larry Myers
|
0-0: Ball Jay Gagnon is caught stealing 2nd base 2-6 1-0: Foul Ball, location: 2F 1-1: Foul Ball, location: 2F 1-2: Ball 2-2: Ball 3-2: Fly out, F7 (Flyball, 7D, EV 91.9 MPH)
|
Bottom of the 5th over - 0 runs, 1 hit, 0 errors, 0 left on base; Akron 0 - Birmingham 1 |
TOP OF THE 6TH |
Akron RubberDucks batting - Pitching for Birmingham Barons : RHP Parker French
|
Batting: LHB Robby Dann
|
0-0: Ball 1-0: Foul Ball, location: 2F 1-1: Ball 2-1: Ground out 3-1 (Groundball, 34, EV 93.8 MPH)
|
Batting: LHB Kazuyoshi Nakamura
|
0-0: Swinging Strike 0-1: Ball 1-1: Foul Ball, location: 2F 1-2: Ball 2-2: SOLO HOME RUN (Flyball, 7D, EV 98.1 MPH), Distance : 394 ft
|
Batting: RHB Tristan Wright
|
0-0: Called Strike 0-1: Foul Ball, location: 2F 0-2: Ball 1-2: Ball 2-2: Fly out, F7 (Flyball, 7, EV 92.5 MPH)
|
Batting: SHB Valentin Laporte
|
0-0: Called Strike 0-1: Ball 1-1: Ball 2-1: Ball 3-1: Ground out 6-3 (Groundball, 6, EV 86.9 MPH)
|
Top of the 6th over - 1 run, 1 hit, 0 errors, 0 left on base; Akron 1 - Birmingham 1 |
BOTTOM OF THE 6TH |
Birmingham Barons batting - Pitching for Akron RubberDucks : RHP Chris Painter
|
Batting: SHB Ruben Velasco Jr.
|
0-0: Called Strike 0-1: Ball 1-1: Foul Ball, location: 2F 1-2: Strikes out looking
|
Batting: LHB Justin Stickney
|
0-0: Swinging Strike 0-1: Called Strike 0-2: SINGLE (Groundball, 4D, EV 108.1 MPH)
|
Batting: RHB Ethan McCullough
|
0-0: Swinging Strike 0-1: Grounds into double play, 4-6-3 (Groundball, 4, EV 108.1 MPH)
|
Bottom of the 6th over - 0 runs, 1 hit, 0 errors, 0 left on base; Akron 1 - Birmingham 1 |
TOP OF THE 7TH |
Akron RubberDucks batting - Pitching for Birmingham Barons : RHP Parker French
|
Pitching: LHP Kenny Morman
|
|
Batting: LHB Esteban Cordova
|
0-0: Ball 1-0: Swinging Strike 1-1: Called Strike 1-2: Ball 2-2: Strikes out looking
|
Batting: SHB Jarrod Lindblad
|
0-0: Called Strike 0-1: Ball 1-1: Swinging Strike 1-2: Ball 2-2: Foul Ball, location: 2F 2-2: Fly out, F7 (Flyball, 7D, EV 107.5 MPH)
|
Batting: RHB Chris Folse
|
0-0: Called Strike 0-1: Foul Ball, location: 2F 0-2: Strikes out looking
|
Top of the 7th over - 0 runs, 0 hits, 0 errors, 0 left on base; Akron 1 - Birmingham 1 |
BOTTOM OF THE 7TH |
Birmingham Barons batting - Pitching for Akron RubberDucks : RHP Chris Painter
|
Batting: LHB Dalton Silveira
|
0-0: Ball 1-0: Foul Ball, location: 2F 1-1: SINGLE (Groundball, 25, EV 66.9 MPH) (infield hit)
|
Batting: RHB Toichiro Fujimoto
|
0-0: Sac Bunt to 25 - play at first, batter OUT! 5-3 Dalton Silveira to second
|
Batting: SHB Josh Conner
|
0-0: Ball 1-0: Ball 2-0: SINGLE (Groundball, 4MD, EV 109.4 MPH) Dalton Silveira to third Runner from 3rd tries for Home, SAFE, throw by CF to home
|
Batting: RHB John Iddings
|
0-0: Ball 1-0: Ball 2-0: Swinging Strike 2-1: Swinging Strike 2-2: Foul Ball, location: 2F 2-2: Foul Ball, location: 2F 2-2: Ball 3-2: Strikes out looking Josh Conner steals 2nd base Batter strikes out.
|
Pitching: RHP Jared Van Heel
|
|
Batting: SHB Jay Gagnon
|
0-0: Called Strike 0-1: Called Strike 0-2: Ball 1-2: Foul Ball, location: 2F 1-2: Ball 2-2: Foul Ball, location: 2F 2-2: Strikes out looking
|
Bottom of the 7th over - 1 run, 2 hits, 0 errors, 1 left on base; Akron 1 - Birmingham 2 |
TOP OF THE 8TH |
Akron RubberDucks batting - Pitching for Birmingham Barons : LHP Kenny Morman
|
Pinch Hitting: RHB Kaoru Toda
|
0-0: Called Strike 0-1: SINGLE (Line Drive, 6M, EV 100.0 MPH)
|
Pitching: RHP Jon Manwaring
|
|
Batting: RHB Charles Marcel
|
0-0: Bunt missed! 0-1: Ball 1-1: Bunted foul 1-2: Foul Ball, location: 2F 1-2: Ball 2-2: Foul Ball, location: 2F 2-2: Foul Ball, location: 2F 2-2: Fielders Choice at 2nd, 6-4 (Groundball, 6, EV 81.9 MPH)
|
Batting: LHB Robby Dann
|
0-0: Ball 1-0: Ball 2-0: Called Strike 2-1: Ground out 5-3 (Groundball, 6S, EV 70.0 MPH) Charles Marcel to second
|
Batting: LHB Kazuyoshi Nakamura
|
0-0: Called Strike 0-1: Ball 1-1: Called Strike 1-2: Ball 2-2: Foul Ball, location: 2F 2-2: Ground out 4-3 (Groundball, 4, EV 90.0 MPH)
|
Top of the 8th over - 0 runs, 1 hit, 0 errors, 1 left on base; Akron 1 - Birmingham 2 |
BOTTOM OF THE 8TH |
Birmingham Barons batting - Pitching for Akron RubberDucks : RHP Jared Van Heel
|
Now at 3B: Kaoru Toda
|
|
Now at SS: Charles Marcel
|
|
Batting: LHB Larry Myers
|
0-0: Ball 1-0: Called Strike 1-1: Foul Ball, location: 2F 1-2: Strikes out swinging
|
Batting: SHB Ruben Velasco Jr.
|
0-0: Ball 1-0: Foul Ball, location: 2F 1-1: Ball 2-1: Swinging Strike 2-2: Strikes out swinging
|
Batting: LHB Justin Stickney
|
0-0: Called Strike 0-1: Ball 1-1: Ball 2-1: Ground out 6-3 (Groundball, 4M, EV 90.6 MPH)
|
Bottom of the 8th over - 0 runs, 0 hits, 0 errors, 0 left on base; Akron 1 - Birmingham 2 |
TOP OF THE 9TH |
Akron RubberDucks batting - Pitching for Birmingham Barons : RHP Jon Manwaring
|
Pitching: RHP Maury Compson
|
|
Now in RF: Mike Savage
|
|
Batting: RHB Tristan Wright
|
0-0: Called Strike 0-1: Swinging Strike 0-2: Ball 1-2: Ball 2-2: Ball 3-2: Base on Balls
|
Batting: SHB Valentin Laporte
|
0-0: Called Strike 0-1: Ball 1-1: Ball 2-1: Fly out, F9 (Flyball, 9S, EV 90.0 MPH)
|
Batting: LHB Esteban Cordova
|
0-0: Ball 1-0: Ball 2-0: Ball 3-0: Called Strike 3-1: Foul Ball, location: 2F 3-2: Strikes out swinging
|
Batting: SHB Jarrod Lindblad
|
0-0: Ball 1-0: Foul Ball, location: 2F 1-1: Ball 2-1: Foul Ball, location: 2F 2-2: Ball 3-2: Base on Balls Tristan Wright to second
|
Pinch Hitting: LHB Frank Hill
|
0-0: Foul Ball, location: 2F 0-1: Ball 1-1: Called Strike 1-2: Fly out, F7 (Flyball, 7S, EV 91.2 MPH)
|
Top of the 9th over - 0 runs, 0 hits, 0 errors, 2 left on base; Akron 1 - Birmingham 2 |
|